 Dungeon Crawl Stone Soup version 0.23.2-1-ga50397a (webtiles) character file.

Game seed: 6831941761629819308

39 Heatsaber the Charmwright (level 3, 0/19 HPs)
             Began as a Vine Stalker Skald on May 28, 2019.
             Succumbed to an adder's poison
             ... on level 2 of the Dungeon on May 29, 2019.
             The game lasted 00:06:26 (1814 turns).

Heatsaber the Charmwright (Vine Stalker Skald)      Turns: 1814, Time: 00:06:26

Health: 0/19       AC: 10    Str: 14    XL:     3   Next: 45%
Magic:  7/7        EV:  4    Int: 13    God:
Gold:   90         SH:  0    Dex: 13    Spells: 3/6 levels left

rFire    . . .     SeeInvis .   a - +0 short sword
rCold    . . .     Gourm    .   (no shield)
rNeg     . . .     Faith    .   j - +0 plate armour
rPois    .         Spirit   +   (no helmet)
rElec    .         Reflect  .   (no cloak)
rCorr    .         Harm     .   (no gloves)
MR       .....                  (no boots)
Stlth    ..........             (no amulet)
HPRegen  0.06/turn              (no ring)
MPRegen  0.10/turn              (no ring)

@: lethally poisoned (0 -> -4), very slightly contaminated, invisible
A: fangs 2, talons 1, magic shield, antimagic bite, no potion heal 3, rot
immunity
a: no special abilities


You were on level 2 of the Dungeon.
You were not hungry.

You visited 1 branch of the dungeon, and saw 2 of its levels.

You collected 90 gold pieces.

Inventory:

Hand Weapons
 a - a +0 short sword (weapon)
Missiles
 e - 5 tomahawks (quivered)
 m - a poisoned needle
Armour
 b - a +0 leather armour
 i - a +0 ring mail
 j - a +0 plate armour (worn)
Scrolls
 f - a scroll of teleportation {unknown}
 h - a scroll of amnesia {unknown}
 k - 2 scrolls of noise {unknown}
 l - a scroll of identify {unknown}
Comestibles
 d - 5 rations
 o - 10 chunks of flesh


   Skills:
 + Level 2.4 Fighting
 + Level 2.4 Short Blades
 + Level 1.6 Armour
 - Level 1.5 Dodging
 - Level 2.1 Spellcasting
 - Level 3.0 Charms


You had 3 spell levels left.
You knew the following spells:

 Your Spells              Type           Power        Failure   Level  Hunger
a - Infusion              Chrm           #...         100%        1    ##.....
b - Song of Slaying       Chrm           #.......     100%        2    ###....

Your spell library contained the following spells:

 Spells                   Type           Power        Failure   Level  Hunger
 Shroud of Golubria       Chrm/Tloc      #.........   100%        2    ###....
 Regeneration             Chrm/Necr      #.........   100%        3    ####...
 Spectral Weapon          Hex/Chrm       #.......     100%        3    ####...


Dungeon Overview and Level Annotations

Branches:
Dungeon (2/15)

Altars:
Cheibriados
Wu Jian


Innate Abilities, Weirdness & Mutations

You have extremely sharp teeth.
When hurt, damage is shared between your health and your magic reserves.
Your bite disrupts and absorbs the magic of your enemies.
Potions cannot restore your health.
You are immune to rotting.
You have sharp toenails.


Message History

The adder bites you.
As you read the scroll labeled ZUJATO QIRPHOJE, it crumbles to dust.
You assume a fearsome visage.
The adder looks frightened!
It was a scroll of fear.
* * * LOW HITPOINT WARNING * * *
You feel sick.
* * * LOW HITPOINT WARNING * * *
You feel sick.
* * * LOW HITPOINT WARNING * * *
You feel sick.
The adder hisses angrily.
You miss the adder.
Your attack snaps the adder out of its fear.
Your kick misses the adder. The adder bites you.
You completely miss the adder. The adder bites you but does no damage.
Your plate armour prevents you from hitting the adder.
You claw the adder. You bite the adder. You drain its power.
You feel invigorated.
The adder is severely wounded.
You die...

#.# ###'#####
#######.......#
#.....+.......#
#.#...#.......#
#.............######
###...#............##
#...#.............#
#..@#.............#
.(.......S#.............#
(.........#.............#
(.........#.............#
###+#######.............#
.............##
....##...... #### #......
####......


You could see an adder.

Vanquished Creatures
  3 dart slugs
  A leopard gecko (D:1)
  6 bats
  2 hobgoblins (D:2)
  3 jackals (D:1)
  2 kobolds
  A quokka (D:2)
  A ball python (D:1)
  A frilled lizard (D:2)
  5 goblins
  4 rats
29 creatures vanquished.

Notes
Turn   | Place    | Note
-------+----------+-------------------------------------------
     0 | D:1      | Heatsaber the Vine Stalker Skald began the quest for the
                  | Orb.
     0 | D:1      | Reached XP level 1. HP: 11/11 MP: 4/4
   230 | D:1      | Reached skill level 1 in Armour
   382 | D:1      | Reached XP level 2. HP: 15/15 MP: 4/6
   386 | D:1      | Learned a level 2 spell: Song of Slaying
  1375 | D:1      | Reached XP level 3. HP: 18/18 MP: 7/7
  1606 | D:2      | Found an ornate altar of the Wu Jian Council.
  1616 | D:2      | Found a snail-covered altar of Cheibriados.
  1801 | D:2      | Gained mutation: You are robust. (+10% HP) [potion of
                  | mutation]
  1801 | D:2      | Lost mutation: You are robust. (+10% HP) [potion of
                  | mutation]
  1801 | D:2      | Gained mutation: You have sharp toenails. [potion of
                  | mutation]
  1814 | D:2      | Succumbed to an adder's poison

Skill      XL: |  1 |
---------------+----+-----
Armour         | 1 |  1.6
Fighting       | 2 |  2.4
Short Blades   | 2 |  2.4
Dodging        | |  1.5
Spellcasting   | |  2.1
Charms         | |  3.0

Action                   || total
-------------------------++-------
Melee: Short sword       ||   115
       Bite              ||    18
       Kick              ||     1
Throw: Tomahawk          ||     6
  Use: Potion            ||     3
       Scroll            ||     1
 Stab: Sleeping          ||     1
  Eat: Chunk             ||     3
Armor: Leather armour    ||    26
       Ring mail         ||     5
       Plate armour      ||    20
Dodge: Dodged            ||    63
